NYP
ABERDEEN IRONBIRDS @ VERMONT LAKE MONSTERS
09/28/2047
 
TOP OF THE 1ST
Aberdeen Ironbirds batting - Pitching for Vermont Lake Monsters : RHP Tyler Deloatch
Pitching: RHP Tyler Deloatch
Batting: RHB Josh Hopp 0-0: Ground out U3 (Groundball, 34, EV 85.6 MPH)
Batting: RHB Daniel Jackson 0-0: Ground out 5-3 (Groundball, 56, EV 84.4 MPH)
Batting: RHB Ethan Finke 0-0: Ball
1-0: Ball
2-0: Called Strike
2-1: Called Strike
2-2: Strikes out swinging
Top of the 1st over - 0 runs, 0 hits, 0 errors, 0 left on base; Aberdeen 0 - Vermont 0
BOTTOM OF THE 1ST
Vermont Lake Monsters batting - Pitching for Aberdeen Ironbirds : RHP Fabiano Ceriani
Pitching: RHP Fabiano Ceriani
Batting: RHB Franklin Salazar 0-0: Ball
1-0: Called Strike
1-1: Hit by Pitch
Batting: RHB Larry Clark 0-0: Ball
1-0: Ball
2-0: Called Strike
2-1: Ball
3-1: Foul Ball, location: 2F
3-2: Foul Ball, location: 2F
3-2: SINGLE (Line Drive, 5D, EV 95.6 MPH)
Franklin Salazar to second
Batting: RHB Tetsuya Shinoda 0-0: Ground out U3 (Groundball, 34S, EV 65.0 MPH)
Franklin Salazar to third
Larry Clark to second
Batting: RHB David Herrera 0-0: Called Strike
0-1: Foul Ball, location: 2F
0-2: Ball
1-2: Fly out, F7 (Flyball, 7LS, EV 68.8 MPH)
Batting: LHB Ed Talamantes 0-0: Ball
1-0: Foul Ball, location: 2F
1-1: Called Strike
1-2: Strikes out swinging
Bottom of the 1st over - 0 runs, 1 hit, 0 errors, 2 left on base; Aberdeen 0 - Vermont 0
TOP OF THE 2ND
Aberdeen Ironbirds batting - Pitching for Vermont Lake Monsters : RHP Tyler Deloatch
Batting: RHB Mike Pitts 0-0: Foul Ball, location: 2F
0-1: Foul Ball, location: 2F
0-2: Foul Ball, location: 2F
0-2: Ball
1-2: Foul Ball, location: 2F
1-2: Strikes out swinging
Batting: RHB Luke Vaccarino 0-0: Ball
1-0: SINGLE (Line Drive, 9S, EV 94.4 MPH)
Batting: RHB Mike Zepeda 0-0: Called Strike
0-1: Foul Ball, location: 2F
0-2: Strikes out swinging
Batting: LHB Vinny Rivera 0-0: Called Strike
0-1: Swinging Strike
0-2: Foul Ball, location: 2F
0-2: Strikes out swinging
Top of the 2nd over - 0 runs, 1 hit, 0 errors, 1 left on base; Aberdeen 0 - Vermont 0
BOTTOM OF THE 2ND
Vermont Lake Monsters batting - Pitching for Aberdeen Ironbirds : RHP Fabiano Ceriani
Batting: RHB Walt Alaniz 0-0: Ground out 6-3 (Groundball, 6, EV 87.5 MPH)
Batting: LHB Felipe Gomez 0-0: Called Strike
0-1: Ground out 5-3 (Groundball, 5L, EV 84.4 MPH)
Batting: RHB Micah Roth 0-0: Fly out, F9 (Flyball, 9D, EV 85.0 MPH)
Bottom of the 2nd over - 0 runs, 0 hits, 0 errors, 0 left on base; Aberdeen 0 - Vermont 0
TOP OF THE 3RD
Aberdeen Ironbirds batting - Pitching for Vermont Lake Monsters : RHP Tyler Deloatch
Batting: RHB Wes Reynolds 0-0: Swinging Strike
0-1: Ball
1-1: Ball
2-1: Foul Ball, location: 2F
2-2: SINGLE (Groundball, 56D, EV 94.4 MPH)
Batting: RHB Tony Godley 0-0: Called Strike
0-1: Grounds into double play, 6-4-3 (Groundball, 6, EV 83.8 MPH)
Batting: RHB Josh Hopp 0-0: Swinging Strike
0-1: Ball
1-1: Ball
2-1: Ball
3-1: Called Strike
3-2: SINGLE (Groundball, 6MD, EV 99.4 MPH)
Batting: RHB Daniel Jackson 0-0: Ball
1-0: Ball
Josh Hopp steals 2nd base
2-0: 2-RUN HOME RUN (Line Drive, 89XD, EV 103.8 MPH), Distance : 415 ft
Batting: RHB Ethan Finke 0-0: Ball
1-0: Called Strike
1-1: Foul Ball, location: 2F
1-2: Foul Ball, location: 2F
1-2: Ball
2-2: Foul Ball, location: 2F
2-2: Fly out, F8 (Flyball, 78S, EV 79.4 MPH)
Top of the 3rd over - 2 runs, 3 hits, 0 errors, 0 left on base; Aberdeen 2 - Vermont 0
BOTTOM OF THE 3RD
Vermont Lake Monsters batting - Pitching for Aberdeen Ironbirds : RHP Fabiano Ceriani
Batting: RHB Ricky Trejo 0-0: Ball
1-0: Ball
2-0: Ball
3-0: Called Strike
3-1: Fly out, F8 (Flyball, 8LM, EV 91.9 MPH)
Batting: RHB Franklin Salazar 0-0: Ball
1-0: Ball
2-0: Called Strike
2-1: Swinging Strike
2-2: Strikes out swinging
Batting: RHB Larry Clark 0-0: Ball
1-0: Called Strike
1-1: DOUBLE (Flyball, 89D, EV 100.6 MPH)
Batting: RHB Tetsuya Shinoda 0-0: Swinging Strike
0-1: Called Strike
0-2: Strikes out swinging
Bottom of the 3rd over - 0 runs, 1 hit, 0 errors, 1 left on base; Aberdeen 2 - Vermont 0
TOP OF THE 4TH
Aberdeen Ironbirds batting - Pitching for Vermont Lake Monsters : RHP Tyler Deloatch
Batting: RHB Mike Pitts 0-0: Ball
1-0: Swinging Strike
1-1: Ball
2-1: SOLO HOME RUN (Flyball, 7D, EV 99.4 MPH), Distance : 390 ft
Batting: RHB Luke Vaccarino 0-0: Fly out, F8 (Line Drive, 8RD, EV 101.9 MPH)
Batting: RHB Mike Zepeda 0-0: Foul Ball, location: 2F
0-1: Called Strike
0-2: Strikes out swinging
Batting: LHB Vinny Rivera 0-0: Foul Ball, location: 2F
0-1: Foul Ball, location: 2F
0-2: Ball
1-2: Foul Ball, location: 2F
1-2: DOUBLE (Groundball, 3L, EV 100.6 MPH)
Batting: RHB Wes Reynolds 0-0: Ball
1-0: Ground out 6-3 (Groundball, 6, EV 83.8 MPH)
Top of the 4th over - 1 run, 2 hits, 0 errors, 1 left on base; Aberdeen 3 - Vermont 0
BOTTOM OF THE 4TH
Vermont Lake Monsters batting - Pitching for Aberdeen Ironbirds : RHP Fabiano Ceriani
Batting: RHB David Herrera 0-0: Swinging Strike
0-1: Ball
1-1: Foul Ball, location: 2F
1-2: SINGLE (Flyball, 8RS, EV 85.6 MPH)
Batting: LHB Ed Talamantes 0-0: Foul Ball, location: 2F
0-1: Ball
David Herrera steals 2nd base (no throw)
1-1: Ground out 4-3 (Groundball, 4, EV 90.0 MPH)
David Herrera to third
Batting: RHB Walt Alaniz 0-0: Called Strike
0-1: Ball
1-1: SINGLE (Line Drive, 56D, EV 99.4 MPH)
David Herrera scores
Batting: LHB Felipe Gomez 0-0: Swinging Strike
0-1: Ball
Wild Pitch!
Walt Alaniz to second
1-1: Ball
2-1: Foul Ball, location: 2F
2-2: Ball
3-2: Foul Ball, location: 2F
3-2: Foul Ball, location: 2F
3-2: 2-RUN HOME RUN (Flyball, 9D, EV 102.5 MPH), Distance : 392 ft
Batting: RHB Micah Roth 0-0: Foul Ball, location: 2F
0-1: Ground out 1-3 (Groundball, 13, EV 73.1 MPH)
Batting: RHB Ricky Trejo 0-0: Ball
1-0: Ball
2-0: Ball
3-0: Called Strike
3-1: DOUBLE (Flyball, 8RD, EV 105.0 MPH)
Batting: RHB Franklin Salazar 0-0: Ball
1-0: Swinging Strike
1-1: Ball
2-1: Ground out 4-3 (Groundball, 4D, EV 81.2 MPH)
Bottom of the 4th over - 3 runs, 4 hits, 0 errors, 1 left on base; Aberdeen 3 - Vermont 3
TOP OF THE 5TH
Aberdeen Ironbirds batting - Pitching for Vermont Lake Monsters : RHP Tyler Deloatch
Batting: RHB Tony Godley 0-0: Called Strike
0-1: Swinging Strike
0-2: Ball
1-2: Ground out 5-3 (Groundball, 5S, EV 67.5 MPH)
Batting: RHB Josh Hopp 0-0: Called Strike
0-1: Ball
1-1: Called Strike
1-2: Foul Ball, location: 2F
1-2: Foul Ball, location: 2F
1-2: SINGLE (Groundball, 34S, EV 65.0 MPH) (infield hit)
Batting: RHB Daniel Jackson 0-0: Called Strike
Josh Hopp is caught stealing 2nd base 2-4
0-1: Swinging Strike
0-2: Strikes out swinging
Top of the 5th over - 0 runs, 1 hit, 0 errors, 0 left on base; Aberdeen 3 - Vermont 3
BOTTOM OF THE 5TH
Vermont Lake Monsters batting - Pitching for Aberdeen Ironbirds : RHP Fabiano Ceriani
Batting: RHB Larry Clark 0-0: Ball
1-0: Fly out, F8 (Flyball, 8RD, EV 91.2 MPH)
Batting: RHB Tetsuya Shinoda 0-0: Ball
1-0: Swinging Strike
1-1: Ball
2-1: Called Strike
2-2: Ball
3-2: Strikes out looking
Batting: RHB David Herrera 0-0: SINGLE (Line Drive, 78S, EV 104.4 MPH)
Batting: LHB Ed Talamantes 0-0: Called Strike
David Herrera steals 2nd base
0-1: Foul Ball, location: 2F
0-2: Ball
1-2: Ball
2-2: Fly out, F7 (Flyball, 7D, EV 86.2 MPH)
Bottom of the 5th over - 0 runs, 1 hit, 0 errors, 1 left on base; Aberdeen 3 - Vermont 3
TOP OF THE 6TH
Aberdeen Ironbirds batting - Pitching for Vermont Lake Monsters : RHP Tyler Deloatch
Batting: RHB Ethan Finke 0-0: Ball
1-0: Ball
2-0: Ground out 6-3 (Groundball, 6MS, EV 70.0 MPH)
Batting: RHB Mike Pitts 0-0: Ball
1-0: Ball
2-0: Ball
3-0: Ground out 4-3 (Groundball, 4, EV 84.4 MPH)
Batting: RHB Luke Vaccarino 0-0: Called Strike
0-1: Called Strike
0-2: Ball
1-2: Ball
2-2: SINGLE (Groundball, 13S, EV 70.0 MPH) (infield hit)
Batting: RHB Mike Zepeda 0-0: Foul Ball, location: 2F
0-1: Called Strike
0-2: Strikes out swinging
Top of the 6th over - 0 runs, 1 hit, 0 errors, 1 left on base; Aberdeen 3 - Vermont 3
BOTTOM OF THE 6TH
Vermont Lake Monsters batting - Pitching for Aberdeen Ironbirds : RHP Fabiano Ceriani
Pitching: RHP Juan Estrada
Batting: RHB Walt Alaniz 0-0: Foul Ball, location: 2F
0-1: Ball
1-1: Ball
2-1: Swinging Strike
2-2: Ball
3-2: Base on Balls
Batting: LHB Felipe Gomez 0-0: Ball
1-0: Called Strike
1-1: Ball
2-1: Fly out, F7 (Flyball, 78S, EV 94.4 MPH)
Batting: RHB Micah Roth 0-0: Ground out 6-3 (Groundball, 6MS, EV 69.4 MPH)
Walt Alaniz to second
Batting: RHB Ricky Trejo 0-0: Ball
1-0: Called Strike
1-1: Foul Ball, location: 2F
1-2: Strikes out looking
Bottom of the 6th over - 0 runs, 0 hits, 0 errors, 1 left on base; Aberdeen 3 - Vermont 3
TOP OF THE 7TH
Aberdeen Ironbirds batting - Pitching for Vermont Lake Monsters : RHP Tyler Deloatch
Batting: LHB Vinny Rivera 0-0: Foul Ball, location: 2F
0-1: Called Strike
0-2: Ball
1-2: Foul Ball, location: 2F
1-2: Ball
2-2: Foul Ball, location: 2F
2-2: Foul Ball, location: 2F
2-2: Strikes out swinging
Pitching: RHP Jeff Heaster
Batting: RHB Wes Reynolds 0-0: Foul Ball, location: 2F
0-1: Fly out, F8 (Line Drive, 78M, EV 90.6 MPH)
Batting: RHB Tony Godley 0-0: Foul Ball, location: 2F
0-1: Called Strike
0-2: Foul Ball, location: 2F
0-2: Ball
1-2: Foul Ball, location: 2F
1-2: Strikes out swinging
Top of the 7th over - 0 runs, 0 hits, 0 errors, 0 left on base; Aberdeen 3 - Vermont 3
BOTTOM OF THE 7TH
Vermont Lake Monsters batting - Pitching for Aberdeen Ironbirds : RHP Juan Estrada
Batting: RHB Franklin Salazar 0-0: Called Strike
0-1: Called Strike
0-2: Ground out 1-3 (Groundball, 15S, EV 76.2 MPH)
Batting: RHB Larry Clark 0-0: Swinging Strike
0-1: Ball
1-1: Swinging Strike
1-2: Strikes out swinging
Batting: RHB Tetsuya Shinoda 0-0: Ball
1-0: SINGLE (Groundball, 56D, EV 96.2 MPH)
Batting: RHB David Herrera 0-0: Swinging Strike
0-1: Swinging Strike
0-2: Strikes out swinging
Bottom of the 7th over - 0 runs, 1 hit, 0 errors, 1 left on base; Aberdeen 3 - Vermont 3
TOP OF THE 8TH
Aberdeen Ironbirds batting - Pitching for Vermont Lake Monsters : RHP Jeff Heaster
Pitching: RHP Bryan Vandenburgh
Batting: RHB Josh Hopp 0-0: Ball
1-0: Ball
2-0: Fly out, F9 (Line Drive, 89M, EV 93.8 MPH)
Batting: RHB Daniel Jackson 0-0: Ball
1-0: Foul Ball, location: 2F
1-1: Called Strike
1-2: Foul Ball, location: 2F
1-2: Ball
2-2: Strikes out swinging
Batting: RHB Ethan Finke 0-0: Ball
1-0: Ball
2-0: Foul Ball, location: 2F
2-1: Ball
3-1: Swinging Strike
3-2: Strikes out looking
Top of the 8th over - 0 runs, 0 hits, 0 errors, 0 left on base; Aberdeen 3 - Vermont 3
BOTTOM OF THE 8TH
Vermont Lake Monsters batting - Pitching for Aberdeen Ironbirds : RHP Juan Estrada
Batting: LHB Ed Talamantes 0-0: Ball
1-0: Ball
2-0: Called Strike
2-1: Ball
3-1: Base on Balls
Batting: RHB Walt Alaniz 0-0: Foul Ball, location: 2F
0-1: Swinging Strike
0-2: Strikes out swinging
Batting: LHB Felipe Gomez 0-0: Ball
1-0: Foul Ball, location: 2F
1-1: Ball
2-1: Fielders Choice at 2nd, 4-6 (Groundball, 4, EV 110.6 MPH)
Batting: RHB Micah Roth 0-0: Fielders Choice at 2nd, 5-4 (Groundball, 5, EV 81.9 MPH)
Bottom of the 8th over - 0 runs, 0 hits, 0 errors, 1 left on base; Aberdeen 3 - Vermont 3
TOP OF THE 9TH
Aberdeen Ironbirds batting - Pitching for Vermont Lake Monsters : RHP Bryan Vandenburgh
Batting: RHB Mike Pitts 0-0: Ground out 5-3 (Groundball, 5S, EV 82.5 MPH)
Batting: RHB Luke Vaccarino 0-0: Ball
1-0: Ground out 4-3 (Groundball, 4, EV 105.0 MPH)
Batting: RHB Mike Zepeda 0-0: Swinging Strike
0-1: Ball
1-1: Foul Ball, location: 2F
1-2: Ball
2-2: Ball
3-2: Foul Ball, location: 2F
3-2: Foul Ball, location: 2F
3-2: Base on Balls
Batting: LHB Vinny Rivera 0-0: Called Strike
0-1: Ball
1-1: Ball
Mike Zepeda steals 2nd base
2-1: Ball
3-1: Called Strike
3-2: Fly out, F7 (Flyball, 78M, EV 86.9 MPH)
Top of the 9th over - 0 runs, 0 hits, 0 errors, 1 left on base; Aberdeen 3 - Vermont 3
BOTTOM OF THE 9TH
Vermont Lake Monsters batting - Pitching for Aberdeen Ironbirds : RHP Juan Estrada
Pitching: RHP Harley Hyde
Pinch Hitting: RHB Chris Temple 0-0: Ball
1-0: Called Strike
1-1: Ball
2-1: Foul Ball, location: 2F
2-2: Foul Ball, location: 2F
2-2: Ground out 6-3 (Groundball, 56D, EV 83.1 MPH)
Batting: RHB Franklin Salazar 0-0: Swinging Strike
0-1: Ball
1-1: Ball
2-1: Foul Ball, location: 2F
2-2: Foul Ball, location: 2F
2-2: Ball
3-2: Foul Ball, location: 2F
3-2: Ground out 5-3 (Groundball, 56, EV 88.1 MPH)
Batting: RHB Larry Clark 0-0: Foul Ball, location: 2F
0-1: Called Strike
0-2: Ground out 5-3 (Groundball, 56S, EV 93.8 MPH)
Bottom of the 9th over - 0 runs, 0 hits, 0 errors, 0 left on base; Aberdeen 3 - Vermont 3
TOP OF THE 10TH
Aberdeen Ironbirds batting - Pitching for Vermont Lake Monsters : RHP Bryan Vandenburgh
Now at 3B: Miguel Maymi
Batting: RHB Wes Reynolds 0-0: Ball
1-0: Called Strike
1-1: Swinging Strike
1-2: Ball
2-2: Ball
3-2: Foul Ball, location: 2F
3-2: DOUBLE (Line Drive, 9LM, EV 104.4 MPH)
Pinch Hitting: LHB Keith Long 0-0: Ground out 6-3 (Groundball, 6M, EV 91.9 MPH)
Wes Reynolds to third
Batting: RHB Josh Hopp 0-0: Called Strike
0-1: Ball
1-1: SINGLE (Groundball, 34, EV 96.2 MPH)
Wes Reynolds scores
Batting: RHB Daniel Jackson 0-0: Called Strike
Josh Hopp steals 2nd base
0-1: SINGLE (Groundball, 4MD, EV 97.5 MPH)
Josh Hopp to third
Runner from 3rd tries for Home, SAFE, throw by CF to home
Batting: RHB Ethan Finke 0-0: Ball
Daniel Jackson steals 2nd base
1-0: Ball
2-0: Foul Ball, location: 2F
2-1: 2-RUN HOME RUN (Flyball, 7D, EV 101.2 MPH), Distance : 376 ft
Pitching: RHP John Gloe
Batting: RHB Mike Pitts 0-0: Ball
1-0: Called Strike
1-1: Swinging Strike
1-2: Ball
2-2: Strikes out swinging, 2-3 out at first.
Batting: RHB Luke Vaccarino 0-0: Ball
1-0: Ball
2-0: Foul Ball, location: 2F
2-1: Foul Ball, location: 2F
2-2: Foul Ball, location: 2F
2-2: Ground out 5-3 (Groundball, 56S, EV 82.5 MPH)
Top of the 10th over - 4 runs, 4 hits, 0 errors, 0 left on base; Aberdeen 7 - Vermont 3
BOTTOM OF THE 10TH
Vermont Lake Monsters batting - Pitching for Aberdeen Ironbirds : RHP Harley Hyde
Now at 1B: Matt O'Dea
Now at 2B: Matt Berrier
Batting: RHB Tetsuya Shinoda 0-0: Called Strike
0-1: DOUBLE (Flyball, 8RXD, EV 105.0 MPH)
Batting: RHB David Herrera 0-0: Swinging Strike
0-1: Ball
1-1: Foul Ball, location: 2F
1-2: Ball
2-2: Foul Ball, location: 2F
2-2: Ball
3-2: Foul Ball, location: 2F
3-2: Fly out, F9 (Flyball, 9LS, EV 96.2 MPH)
Batting: LHB Ed Talamantes 0-0: Ball
1-0: Ball
2-0: Ball
3-0: Base on Balls
Batting: RHB Walt Alaniz 0-0: Ball
1-0: Called Strike
1-1: Called Strike
1-2: Ball
2-2: Fielders Choice at 2nd, 5-4 (Groundball, 5, EV 99.4 MPH)
Tetsuya Shinoda to third
Batting: LHB Felipe Gomez 0-0: Ball
1-0: Called Strike
1-1: Fly out, F7 (Flyball, 7, EV 95.6 MPH)
Bottom of the 10th over - 0 runs, 1 hit, 0 errors, 2 left on base; Aberdeen 7 - Vermont 3
Thursday, December 15th , 2022 - OOTP Baseball 23.9 Build 102